 Dungeon Crawl Stone Soup version 0.17.1-1-g73c8601 (webtiles) character file.

130 Kartoffel the Cudgeler (level 4, 0/35 HPs)
             Began as a Demonspawn Fighter on Dec 22, 2015.
             Slain by an orc
             ... wielding a +0 club
              (2 damage)
             ... on level 3 of the Dungeon.
             The game lasted 00:03:38 (2017 turns).

Kartoffel the Cudgeler (Demonspawn Fighter)         Turns: 2017, Time: 00:03:38

Health: 0/35       AC:  7    Str: 17    XL:     4   Next: 89%
Magic:  4/4        EV:  6    Int:  9    God:
Gold:   111        SH:  8    Dex: 13    Spells: 0 memorised, 3 levels left

rFire  x . .     SeeInvis .     a - +2 flail
rCold  + . .     Clarity  .     b - +0 scale mail
rNeg   . . .     SustAt   .     c - +0 shield
rPois  .         Gourm    .     (no helmet)
rElec  .         Spirit   .     (no cloak)
rCorr  .         Warding  .     (no gloves)
rMut   .         Stasis   .     (no boots)
MR     .....                    (no amulet)
Stlth  +++.......               o - ring of ice
                                t - ring of stealth

@: very slightly contaminated, not resistant to hostile enchantments, fairly
stealthy
A: molten scales 1, nightstalker 2
a: no special abilities


You were on level 3 of the Dungeon.
You were not hungry.

You visited 1 branch of the dungeon, and saw 3 of its levels.

You collected 111 gold pieces.

Inventory:

Hand Weapons
 a - a +2 flail (weapon)
Missiles
 j - 104 stones (quivered)
Armour
 b - a +0 scale mail (worn)
 c - a +0 shield (worn)
Jewellery
 o - a ring of ice (right hand)
 t - a ring of stealth (left hand)
Scrolls
 f - a scroll of magic mapping
 g - a scroll of teleportation
 k - a scroll of amnesia
 r - a scroll of remove curse
Potions
 d - a potion of might
 i - 2 potions of degeneration
 n - 3 potions of curing
 s - a potion of agility {unknown}
Comestibles
 e - 2 bread rations
 m - a royal jelly


   Skills:
 - Level 3.0 Fighting
 * Level 4.6 Maces & Flails
 - Level 2.6 Armour
 - Level 2.6 Shields


You had 3 spell levels left.
You didn't know any spells.

Dungeon Overview and Level Annotations

Branches:
Dungeon (3/15)

Altars:
Cheibriados
Xom


Innate Abilities, Weirdness & Mutations

You are partially covered in molten scales (AC +1).
You are significantly more attuned to the shadows.


Message History

The orc hits you with a short sword. You block the orc priest's attack.
The orc hits you but does no damage.
You hit the orc priest.
The orc priest is almost dead.
The orc hits you but does no damage. The orc hits you with a club.
* * * LOW HITPOINT WARNING * * *
You block the orc priest's attack. The orc hits you but does no damage.
The orc hits you with a club.
* * * LOW HITPOINT WARNING * * *
You sock the orc priest!
You kill the orc priest!
You block the orc's attack. x2
The orc hits you but does no damage. The orc hits you with a club.
* * * LOW HITPOINT WARNING * * *
The orc wizard hits you but does no damage.
Unknown command.
You hit the orc wizard.
The orc wizard is severely wounded.
The orc hits you with a club.
You die...

,,,****,,,,,,,,********,,*
*,,,,,,,****,*** **,********
*,,********,,* *,**,,,,,*
**,,,,,,**,,** *,,,,,,,,*
*****,,,,,<,,* ***,,,,,,*
*,,,,,,,,,*#,* **,,,,,*
#,,******,*#.##### *,,,,,* .,,,*
*,,,....oo# ***,***
.,,,**##......oo@#***********,*
,,,,,,.........ooo(...,,,,,**,*
,,,,***#..........####**,,,,,,**
,,,,* #........#..,,,,*,,,,,,,*
*,,** ##........####**,*,,,**,,*
*,,* #......###* *,*******,*
#######.#..#### *,,** *,*
#.......#.....# **,,** *,**
#...#**#...##.#*********,,****,,*


You could see 2 orc wizards and 5 orcs.

Vanquished Creatures
  An orc priest (D:3)
  3 adders
  An ooze (D:2)
  2 worms
  4 giant geckos
  An orc (D:3)
  2 ball pythons
  6 giant cockroaches
  6 goblins
  8 hobgoblins
  3 kobolds (D:1)
  6 bats
  18 rats
61 creatures vanquished.

Notes
Turn   | Place    | Note
--------------------------------------------------------------
     0 | D:1      | Kartoffel the Demonspawn Fighter began the quest for the Orb.
     0 | D:1      | Reached XP level 1. HP: 18/18 MP: 1/1
   174 | D:1      | Gained mutation: You are slightly more attuned to the shadows. [demonic ancestry]
   174 | D:1      | Reached XP level 2. HP: 21/24 MP: 2/2
   720 | D:1      | Gained mutation: You are partially covered in molten scales (AC +1). [demonic ancestry]
   720 | D:1      | Reached XP level 3. HP: 29/29 MP: 3/3
   891 | D:2      | Found a shimmering altar of Xom.
  1018 | D:2      | Found a snail-covered altar of Cheibriados.
  1266 | D:2      | Gained mutation: You are significantly more attuned to the shadows. [demonic ancestry]
  1266 | D:2      | Reached XP level 4. HP: 31/35 MP: 4/4
  1449 | D:2      | Reached skill level 4 in Maces & Flails
  1670 | D:2      | Found a shimmering altar of Xom.
  1670 | D:2      | Found a shimmering altar of Xom.
  1672 | D:2      | Found a shimmering altar of Xom.
  1672 | D:2      | Found a shimmering altar of Xom.
  1704 | D:2      | You fall through a shaft!
  2017 | D:3      | Slain by an orc

Action                   |  1- 3 |  4- 6 || total
-------------------------+-------+-------++-------
Melee: Flail             |   117 |    56 ||   173
  Use: Scroll            |       |    11 ||    11
 Stab: Sleeping          |       |     3 ||     3
  Eat: Bread ration      |       |     1 ||     1
